 Dungeon Crawl Stone Soup version 0.26-a0-778-g3fe0686644 (webtiles) character file.

Game seed: 4552984948952425566

13 ArcanElement the Magician (level 2, 0/15 HPs)
             Began as a Deep Elf Hedge Wizard on Nov 9, 2020.
             Slain by an adder (2 damage)
             ... on level 2 of the Dungeon.
             The game lasted 00:01:40 (710 turns).

ArcanElement the Magician (Deep Elf Hedge Wizard)    Turns: 710, Time: 00:01:41

Health: 0/15       AC:  2    Str:  7    XL:     2   Next: 24%
Magic:  9/9        EV: 13    Int: 18    God:
Gold:   47         SH:  0    Dex: 14    Spells: 9/10 levels left

rFire    . . .     SeeInvis .   e - +0 dagger (drain)
rCold    . . .     Faith    .   (no shield)
rNeg     . . .     Spirit   .   b - +0 robe
rPois    .         Reflect  .   (no helmet)
rElec    .         Harm     .   (no cloak)
rCorr    .         Rampage  .   (no gloves)
MR       .....                  (no boots)
Stlth    ++........             (no amulet)
HPRegen  0.05/turn              (no ring)
MPRegen  0.11/turn              (no ring)

@: no status effects
A: no striking features
a: no special abilities


You were on level 2 of the Dungeon.
You visited 1 branch of the dungeon, and saw 2 of its levels.

You collected 47 gold pieces.

Inventory:

Hand Weapons
 a - a +0 dagger
 e - a +0 dagger of draining (weapon)
Missiles
 d - 13 poisoned darts (quivered)
Armour
 b - a +0 robe (worn)
Scrolls
 c - a scroll of identify


   Skills:
 + Level 2.7 Dodging
 + Level 2.8 Stealth
 + Level 4.6 Spellcasting
 + Level 1.5 Conjurations
   Level 1.1 Summonings
   Level 1.1 Translocations


You had 9 spell levels left.
You knew the following spells:

 Your Spells              Type           Power        Failure   Level
a - Magic Dart            Conj           #...         8%          1

Your spell library contained the following spells:

 Spells                   Type           Power        Failure   Level
 Blink                    Tloc           N/A          13%         2
 Call Imp                 Summ           #.......     13%         2
 Slow                     Hex            #.......     21%         2
 Conjure Flame            Conj/Fire      #.......     30%         3
 Mephitic Cloud           Conj/Pois/Air  #.......     32%         3


Dungeon Overview and Level Annotations

Branches:
Dungeon (2/15)

Altars:
Dithmenos


Message History

You climb downwards.
Found 12 poisoned darts, a murky golden potion and 3 gold pieces.
There is a stone staircase leading up here.
A dart slug comes into view.
An adder comes into view.
The adder hisses angrily.
The adder moves out of view.
Found a scroll of blinking.
Found a shadowy altar of Dithmenos.
Found a club.
The dart slug bites you.
* * * LOW HITPOINT WARNING * * *
You hit the dart slug. You drain the dart slug.
The dart slug is severely wounded.
The dart slug bites you.
* * * LOW HITPOINT WARNING * * *
You hit the dart slug.
You kill the dart slug!
The adder misses you.
You miss the adder. The adder bites you.
You die...

... ...... .( ....
#..###.###.# _...#
##..<......#
.....##....#######
?........#...#
..##......#!# #.
##..##.#$..
#..##S.##.# ###
#..).@###.#
#.....## #.#
....... .# #######


You could see an adder.

Vanquished Creatures
  A dart slug (D:2)
  A giant cockroach (D:1)
  A goblin (D:1)
  2 jackals (D:1)
  2 bats (D:1)
  2 kobolds (D:1)
  2 rats (D:1)
11 creatures vanquished.

Notes
Turn   | Place    | Note
-------+----------+-------------------------------------------
     0 | D:1      | ArcanElement the Deep Elf Hedge Wizard began the quest for
                  | the Orb.
     0 | D:1      | Reached XP level 1. HP: 10/10 MP: 7/7
   662 | D:1      | Reached XP level 2. HP: 7/15 MP: 9/9
   704 | D:2      | Found a shadowy altar of Dithmenos.
   710 | D:2      | Slain by an adder

Illustrated notes

Levels and vault maps discovered:
D:1:      co_arrival_random_square_maze, layout_basic, serial_rivers,
          chequers_serial_rivers_large_b, chequers_serial_rivers_marsh,
          chequers_serial_rivers_micro_a, chequers_serial_rivers_room_b,
          chequers_serial_rivers_marsh
D:2:      layout_basic, nicolae_qazlal_general_emergency,
          nicolae_dithmenos_shadow_blocks

Action                   || total
-------------------------++-------
Melee: Dagger            ||    31
 Cast: Magic Dart        ||    12
  Use: Scroll            ||     3
 Stab: Sleeping          ||     1
Armor: Robe              ||    24
Dodge: Dodged            ||    61

Table legend: (Time is in decaauts)
 A = Elapsed time spent in this place.
 B = Non-inter-level travel time spent in this place.
 C = Inter-level travel time spent in this place.
 D = Time resting spent in this place.
 E = Time spent auto-exploring this place.
 F = Levels seen in this place.
 G = Mean time per level.
                   A        B        C        D        E       F      G
               +--------+--------+--------+--------+--------+-----+--------+
         Total |    715 |    715 |      0 |      0 |    526 |   2 |  357.5 |
       Dungeon |    715 |    715 |      0 |      0 |    526 |   2 |  357.5 |
               +--------+--------+--------+--------+--------+-----+--------+

Top non-repeatable levels by time:
     D:1: 706 daAuts
     D:2: 8 daAuts
